 Dungeon Crawl Stone Soup version 0.23-a0-650-ga4d50d4 (webtiles) character file.

279 Lanoc the Slasher (level 6, 0/48 HPs)
             Began as a Demonspawn Chaos Knight on Jan 4, 2019.
             Was a Plaything of Xom.
             Slain by Eustachio the polar bear (shapeshifter) (11 damage)
             ... on level 3 of the Dungeon.
             The game lasted 00:03:53 (1944 turns).

Lanoc the Slasher (Demonspawn Chaos Knight)         Turns: 1944, Time: 00:03:55

Health: 0/48       AC:  9    Str: 15    XL:     6   Next: 5%
Magic:  6/6        EV: 12    Int: 17    God:    Xom [...*..]
Gold:   143        SH:  0    Dex: 12    Spells: 5/5 levels left

rFire    . . .     SeeInvis .   a - +0 falchion (chaos)
rCold    . . .     Gourm    .   (no shield)
rNeg     . . .     Faith    .   b - +2 leather armour
rPois    .         Spirit   .   (no helmet)
rElec    .         Reflect  .   (no cloak)
rCorr    .         Harm     .   (no gloves)
MR       .....                  l - +1 pair of boots
Stlth    +.........             (no amulet)
HPRegen  0.16/turn              i - +4 ring of intelligence
MPRegen  0.10/turn              o - ring of flight

@: confused
A: talons 2, thin metallic scales 1
a: Renounce Religion, Evoke Flight


You were on level 3 of the Dungeon.
You worshipped Xom.
You were a favourite toy of Xom.
You were hungry.

You visited 1 branch of the dungeon, and saw 4 of its levels.

You collected 143 gold pieces.

Inventory:

Hand Weapons
 a - a +0 falchion of chaos (weapon)
Armour
 b - a +2 leather armour (worn)
 l - a +1 pair of boots (worn)
Jewellery
 i - a +4 ring of intelligence (left hand)
 o - a ring of flight (right hand)
Wands
 n - a wand of random effects (6)
Scrolls
 d - a scroll of identify
 e - 4 scrolls of remove curse
 g - 2 scrolls of immolation {unknown}
 h - 2 scrolls of amnesia {unknown}
 j - a scroll of magic mapping {unknown}
Potions
 f - a potion of mutation
Comestibles
 c - 3 rations
 m - 7 chunks of flesh


   Skills:
 + Level 4.0 Fighting
 * Level 4.4 Long Blades
 + Level 3.0 Armour
 + Level 2.4 Dodging


You had 5 spell levels left.
You didn't know any spells.
Your spell library was empty.

Dungeon Overview and Level Annotations

Branches:
Dungeon (4/15)
 Temple: D:4-7

Altars:
Elyvilon
Fedhas
Kikubaaqudgha
Makhleb
Nemelex Xobeh
Qazlal
Sif Muna
Zin

Annotations:
D:3 Eustachio


Innate Abilities, Weirdness & Mutations

You have razor-sharp toenails.
You are partially covered in thin metallic scales. (AC +2)


Message History

You feel blessed for a moment.
It was a scroll of remove curse.
Eustachio the shapeshifter changes into a polar bear!
The orc wizard gestures wildly while chanting.
The orc wizard blinks!
The iron imp barely misses you.
You riposte.
You hit the iron imp.
The iron imp appears confused.
You hear a crackling sound.
The iron imp is lightly wounded.
As you read the scroll labeled GOTIGUO VIKHLU, it crumbles to dust.
It is a scroll of identify.
f - a potion of mutation Eustachio bites you!
* * * LOW HITPOINT WARNING * * *
Eustachio barely misses you. Eustachio claws you but does no damage.
It was a potion of ambrosia.
You are confused.
You feel invigorated.
Xom thinks this is hilarious!
Eustachio bites you!
You die...
Xom bursts into laughter!

#.# #..# #.# #.#
#.# ##.###.# #.#
#.# #..##.#
#.##### ###.#
##.##.# #.....#
#...# #(.#o#
#..##.# #.###
##.#.###..##.# #.#
#55b..#...#.# #.#
#######[h#.#####.#
#.#
#.......@#.#.....#
#.#
#......[##†#.#####
#.# #.......##...#
###.#
##############
#...# #.### #.#
###.# ....#


You could see Eustachio the polar bear shaped shifter, an iron imp (confused),
an orc wizard, a crimson imp and a bat.

Vanquished Creatures
  A sky beast (D:2)
  A hound (D:3)
  An orc wizard (D:3)
  Ijyb (D:3)
  4 adders
  An ooze (D:3)
  A worm (D:3)
  A dart slug (D:1)
  3 leopard geckos
  2 orcs (D:3)
  10 bats
  A giant cockroach (D:2)
  4 goblins
  5 hobgoblins
  6 jackals
  6 kobolds
  2 frilled lizards
  9 rats
59 creatures vanquished.

Notes
Turn   | Place    | Note
-------+----------+-------------------------------------------
     0 | D:1      | Lanoc the Demonspawn Chaos Knight began the quest for the
                  | Orb.
     0 | D:1      | Reached XP level 1. HP: 18/18 MP: 1/1
    30 | D:1      | Reached skill level 1 in Dodging
    81 | D:1      | XOM: divination: detect creatures
   260 | D:1      | Gained mutation: You are partially covered in thin metallic
                  | scales. (AC +2) [demonic ancestry]
   260 | D:1      | Reached XP level 2. HP: 24/24 MP: 2/2
   622 | D:2      | XOM: divination: magic mapping
   624 | D:2      | Gained mutation: You have sharp toenails. [demonic
                  | ancestry]
   624 | D:2      | Reached XP level 3. HP: 27/29 MP: 3/3
   712 | D:2      | XOM: medium Pois miscast
  1018 | D:2      | Noticed a sky beast
  1019 | D:2      | XOM: potion effect (agility)
  1023 | D:2      | XOM: harmless Chrm miscast
  1036 | D:2      | XOM: cast spell 'Summon Butterflies'
  1038 | D:2      | Killed a sky beast
  1038 | D:2      | Gained mutation: You have razor-sharp toenails. [demonic
                  | ancestry]
  1038 | D:2      | Reached XP level 4. HP: 10/37 MP: 4/4
  1038 | D:2      | Reached XP level 5. HP: 11/42 MP: 5/5
  1268 | D:2      | Found a burning altar of Makhleb.
  1319 | D:2      | XOM: cloud trail
  1418 | D:3      | Found an ancient bone altar of Kikubaaqudgha.
  1419 | D:3      | Found a blossoming altar of Fedhas.
  1421 | D:3      | Found a stormy altar of Qazlal.
  1421 | D:3      | Found a glowing silver altar of Zin.
  1421 | D:3      | Found a deep blue altar of Sif Muna.
  1423 | D:3      | Found a sparkling altar of Nemelex Xobeh.
  1427 | D:3      | Found a white marble altar of Elyvilon.
  1432 | D:3      | XOM: potion effect (might)
  1590 | D:3      | Noticed Ijyb
  1596 | D:3      | Killed Ijyb
  1892 | D:4      | Noticed Eustachio
  1900 | D:3      | Reached XP level 6. HP: 44/48 MP: 6/6
  1934 | D:3      | Eustachio changed into Eustachio the howler monkey
  1934 | D:3      | Noticed Eustachio
  1934 | D:3      | Eustachio the howler monkey changed into Eustachio the
                  | steam dragon
  1938 | D:3      | Eustachio the steam dragon changed into Eustachio the
                  | crocodile
  1941 | D:3      | Noticed Eustachio
  1941 | D:3      | Eustachio the crocodile changed into Eustachio the
                  | shapeshifter
  1942 | D:3      | Noticed Eustachio
  1942 | D:3      | Eustachio the shapeshifter changed into Eustachio the polar
                  | bear
  1944 | D:3      | Slain by Eustachio the polar bear (shapeshifter)

Vault maps used:
D:1:      saegor_arrival_under_anarchy, due_unseen_surprise
D:2:      marbit_many_paths, minmay_tromino_v4_b
D:3:      grunt_temple_overflow_open, first_ration, uniq_ijyb
D:4:      grunt_temple_overflow_holy_war, kennysheep_decorative_pillar,
          uniq_eustachio, uniq_pikel

Skill      XL: |  1  2  3  4  5 |
---------------+----------------+-----
Dodging        | 1 2 |  2.4
Armour         | 2 3 |  3.0
Long Blades    | 3 4 |  4.4
Fighting       | 4 |  4.0

Action                   |  1- 3 |  4- 6 || total
-------------------------+-------+-------++-------
Melee: Falchion          |    97 |    59 ||   156
       Kick              |     2 |       ||     2
  Use: Scroll            |       |     2 ||     2
       Potion            |       |     1 ||     1
 Stab: Confused          |       |     2 ||     2
       Sleeping          |       |     1 ||     1
  Eat: Chunk             |       |     3 ||     3
Armor: Leather armour    |    47 |    30 ||    77
Dodge: Dodged            |    64 |    52 ||   116
       Rpst.: Falchion   |    17 |    17 ||    34

Table legend:
 A = Non-vault XP
 B = Vault XP
 C = Vault XP percentage of total XP
 D = Non-vault monster count
 E = Vault monster count
 F = Vault count percentage of total count
                 A         B        C        D         E       F
            +---------+---------+-------+---------+---------+-------
      Total |     349 |      50 |  12.5 |      56 |       3 |   5.1
            +---------+---------+-------+---------+---------+-------
        D:1 |      36 |       0 |   0.0 |      21 |       0 |   0.0
        D:2 |     164 |      15 |   8.4 |      13 |       2 |  13.3
        D:3 |     149 |      35 |  19.0 |      22 |       1 |   4.3
            +---------+---------+-------+---------+---------+-------
